Description

PvZ drill to practice timing and building placement against v easy AI

VOD

https://www.youtube.com/watch?v=9Ov5eV1BgTA

Replay - 2021-01-05 - (P)TheCowboy VS (T)A.I. 1 (Very Easy)

Build Order

Get SALT Encoding   

  12  0:00  Probe  
  13  0:12  Probe  
  14  0:17  Pylon  
  14  0:24  Probe (Chrono Boost)  
  15  0:36  Probe (Chrono Boost)  
  15  0:37  Gateway  
  16  0:45  Probe (Chrono Boost)  
  16  0:48  Assimilator  
  17  0:51  Probe  
  18  1:03  Probe  
  19  1:15  Probe  
  20  1:24  Cybernetics Core  
  20  1:34  Nexus  
  21  1:40  Pylon  
  21  1:44  Probe  
  21  1:54  Assimilator  
  21  1:56  Probe  
  21  1:57  Adept (Chrono Boost)  
  24  2:03  Warp Gate  
  25  2:18  Stalker (Chrono Boost)  
  28  2:34  Robotics Facility  
  31  2:52  Gateway  
  34  3:05  Gateway  
  36  3:22  Observer  
  36  3:24  Pylon  
  42  3:45  Observer  
  44  3:48  Nexus  
  44  3:50  Pylon x2  
  45  3:57  Sentry  
  45  4:00  Stalker  
  50  4:06  Stalker  
  54  4:10  Observer  
  56  4:17  Assimilator x2  
  56  4:23  Robotics Bay  
  59  4:34  Stalker  
  62  4:41  Forge  
  64  4:49  Twilight Council  
  65  4:59  Stalker  
  68  5:01  Shield Battery x2  
  71  5:12  Colossus (Chrono Boost)  
  87  5:50  Assimilator x2  
  87  5:52  Stalker  
  89  5:58  Stalker  
  92  6:04  Stalker  
Spawning Tool Build Advisor. Get it on Overwolf

Go to:

Details

  • Created by: Khaospenguin
  • Published on: Jan 05, 2021
  • Modified on: Jan 05, 2021
  • Patch: 4.11.0
  • Difficulty: Medium
Show
View Real Time Build Order
Export as new Build Order

Comments (0)

There are no comments. Be the first!

Create an account to comment!